 Dungeon Crawl Stone Soup version 0.24-a0-254-gf493760 (webtiles) character file.

Game seed: 17439449691274914241

420 Lanoc the Chopper (level 6, 0/52 HPs)
             Began as a Draconian Gladiator on Apr 18, 2019.
             Was a Believer of Jiyva.
             Slain by an ogre
             ... wielding a +0 giant spiked club
              (20 damage)
             ... on level 5 of the Dungeon.
             The game lasted 00:07:47 (2551 turns).

Lanoc the Chopper (Draconian Gladiator)             Turns: 2551, Time: 00:07:48

Health: 0/52       AC:  7    Str: 16    XL:     6   Next: 62%
Magic:  6/6        EV: 15    Int:  8    God:    Jiyva [**....]
Gold:   142        SH:  0    Dex: 19    Spells: 5/5 levels left

rFire    . . .     SeeInvis .   a - +1 war axe
rCold    . . .     Gourm    .   (no shield)
rNeg     . . .     Faith    .   (armour unavailable)
rPois    +         Spirit   .   b - +1 hat
rElec    .         Reflect  .   (no cloak)
rCorr    .         Harm     .   (no gloves)
MR       .....                  (no boots)
Stlth    ++........             (no amulet)
HPRegen  0.17/turn              f - ring of poison resistance
MPRegen  0.10/turn              k - +4 ring of dexterity

@: lethally poisoned (0 -> -2)
A: unfitting armour, cold-blooded, AC +6
a: Request Jelly, Renounce Religion


You were on level 5 of the Dungeon.
You worshipped Jiyva.
Jiyva was pleased with you.
You were hungry.

You visited 2 branches of the dungeon, and saw 6 of its levels.
You also visited: Sewer.

You collected 142 gold pieces.

Inventory:

Hand Weapons
 a - a +1 war axe (weapon)
Missiles
 c - 3 throwing nets (quivered)
Armour
 b - a +1 hat (worn)
Jewellery
 f - a ring of poison resistance (left hand)
 k - a +4 ring of dexterity (right hand)
Wands
 m - a wand of iceblast (8)
Scrolls
 e - a scroll of enchant armour
 j - a scroll of remove curse
Potions
 g - 2 potions of curing
 h - a potion of invisibility
 i - 3 potions of flight
 n - a potion of heal wounds {unknown}
 o - a potion of haste
 q - a potion of brilliance
Comestibles
 d - 6 rations


   Skills:
 + Level 4.2 Fighting
 - Level 5.0 Axes
 - Level 1.7 Throwing
 + Level 4.1 Dodging
 * Level 2.6 Unarmed Combat


You had 5 spell levels left.
You didn't know any spells.
Your spell library was empty.

Dungeon Overview and Level Annotations

Branches:
Dungeon (5/15)             Temple (1/1) D:4

Altars:
Dithmenos
Hepliaklqana
Makhleb
Nemelex Xobeh
Okawaru
Ru
Sif Muna
Uskayaw
Vehumet
Xom
Jiyva

Annotations:
D:3 2 runed translucent doors, Borgoz's ghost, weakling GrGl
D:4 exclusion: statue


Innate Abilities, Weirdness & Mutations

Your plain brown scales are hard. (AC +6)
You cannot fit into any form of body armour.
You are cold-blooded and may be slowed by cold attacks.


Message History

You barely miss the ogre.
The ogre is moderately wounded.
You barely miss the adder. The adder bites you.
You are poisoned.
The adder poisons you!
The ogre hits you with a +0 giant spiked club!
The adder bites you.
You hit the ogre. You tail-slap the ogre.
The ogre is heavily wounded.
You hit the adder.
You feel sick. The ogre closely misses you.
The adder bites you but does no damage.
You barely miss the ogre.
The ogre is heavily wounded.
You barely miss the adder. The adder bites you but does no damage.
The ogre closely misses you. The adder misses you.
You slash the ogre!
The ogre is almost dead.
You hit the adder.
You feel sick. The adder misses you.
The ogre hits you with a +0 giant spiked club!!
You die...

.....#......
#.........._!....<.{.
####...?...........#....
............#####..###..
............#(..#.# #.
............#(.(#. #
............#####.
......O..........
......S@.......##
............###
#...........#
.############


You could see an ogre, 2 dancing weapons and an adder.

Vanquished Creatures
  An ogre (D:4)
  A howler monkey (D:4)
  An iguana (D:4)
  Ijyb (D:3)
  2 worker ants (D:4)
  Robin (D:4)
  3 adders
  4 gnolls (D:4)
  3 river rats
  An ooze (D:2)
  An adder skeleton (D:4)
  A worm (D:3)
  3 dart slugs
  4 leopard geckos
  4 bats
  8 giant cockroaches
  15 goblins
  6 hobgoblins
  3 jackals (D:2)
  7 kobolds
  2 quokkas
  A ball python skeleton (D:4)
  6 frilled lizards
  12 rats
91 creatures vanquished.

Vanquished Creatures (others)
  A big kobold (Sewer)
  3 jackals
  3 kobolds (Sewer)
7 creatures vanquished.

Grand Total: 98 creatures vanquished

Notes
Turn   | Place    | Note
-------+----------+-------------------------------------------
     0 | D:1      | Lanoc the Draconian Gladiator began the quest for the Orb.
     0 | D:1      | Reached XP level 1. HP: 17/17 MP: 1/1
   123 | D:2      | Reached XP level 2. HP: 18/25 MP: 2/2
   388 | D:2      | Reached XP level 3. HP: 28/30 MP: 3/3
   563 | D:2      | Reached skill level 4 in Axes
  1054 | D:3      | Reached XP level 4. HP: 38/38 MP: 4/4
  1064 | D:3      | Noticed Ijyb
  1077 | D:3      | Killed Ijyb
  1080 | D:3      | Found a runed translucent door.
  1082 | D:3      | Noticed a bullfrog
  1084 | D:3      | Noticed Borgoz's ghost (weakling GrGl)
  1107 | D:3      | Found a runed translucent door.
  1362 | D:3      | Found an iron altar of Okawaru.
  1402 | D:4      | Noticed Robin
  1414 | D:4      | Killed Robin
  1414 | D:4      | Reached XP level 5. HP: 29/45 MP: 5/5
  1521 | D:4      | Found a staircase to the Ecumenical Temple.
  1529 | Temple   | Entered the Ecumenical Temple
  1565 | Temple   | Became a worshipper of Jiyva Joinosaz the Shapeless
  1595 | D:4      | Found a sparkling altar of Nemelex Xobeh.
  1647 | D:4      | Reached skill level 1 in Unarmed Combat
  1648 | D:4      | Reached skill level 5 in Axes
  1744 | D:4      | Reached * piety under Jiyva
  1757 | D:4      | Found a radiant altar of Vehumet.
  1757 | D:4      | Noticed a charred statue
  1769 | D:4      | Reached XP level 6. HP: 30/52 MP: 6/6
  1808 | D:4      | Reached ** piety under Jiyva
  1811 | D:4      | Found a glowing drain.
  1820 | Sewer    | Entered a sewer
  2011 | Sewer    | Found a white marble altar of Elyvilon.
  2268 | D:4      | Found a shimmering altar of Xom.
  2439 | D:5      | Entered Level 5 of the Dungeon
  2439 | D:5      | Found a hide-covered altar of Uskayaw.
  2439 | D:5      | Noticed a +0 dagger
  2439 | D:5      | Noticed a +0 hand axe
  2439 | D:5      | Noticed a sky beast
  2551 | D:5      | Slain by an ogre

Levels and vault maps discovered:
D:1:      co_arrival_random_square_maze, layout_basic, minmay_rat_gold_closets
D:2:      layout_basic, first_ration
D:3:      layout_rooms, kennysheep_okawaru_gauntlet, ebering_ghost_sewer_f,
          uniq_ijyb
D:4:      layout_loops_ring, nicolae_overflow_crystal_walls, vehumet_statue,
          marbit_many_paths, temple_doors_cd, portal_sewer_entry_e, uniq_robin
D:5:      layout_cave_pods, dancing_weapons_uskayaw, kiku_gazebo_pond_becter,
          bloody_makhleb, uniq_crazy_yiuf_cottage, uniq_pikel
Temple:   pf_slime_end_temple
Sewer:    sewer_kobolds

Skill      XL: |  1  2  3  4  5  6 |
---------------+-------------------+-----
Dodging        | 3 4 |  4.1
Fighting       | 3 4 |  4.2
Axes           | 4 5 |  5.0
Unarmed Combat | 1 2 |  2.6
Throwing       | |  1.7

Action                   |  1- 3 |  4- 6 || total
-------------------------+-------+-------++-------
Melee: War axe           |   103 |   130 ||   233
       Tailslap          |     3 |    18 ||    21
       Punch             |       |     1 ||     1
  Use: Scroll            |       |    12 ||    12
 Stab: Sleeping          |     2 |       ||     2
       Distracted        |       |     1 ||     1
  Eat: Chunk             |       |     4 ||     4
Armor: Skin              |    47 |    34 ||    81
Dodge: Dodged            |    91 |   114 ||   205

Table legend:
 A = Non-vault XP
 B = Vault XP
 C = Vault XP percentage of total XP
 D = Non-vault monster count
 E = Vault monster count
 F = Vault count percentage of total count
                 A         B        C        D         E       F
            +---------+---------+-------+---------+---------+-------
      Total |     473 |     128 |  21.3 |      65 |      26 |  28.6
            +---------+---------+-------+---------+---------+-------
        D:1 |       7 |       0 |   0.0 |       3 |       0 |   0.0
        D:2 |      84 |       0 |   0.0 |      30 |       0 |   0.0
        D:3 |      30 |      38 |  55.9 |      16 |       1 |   5.9
        D:4 |     352 |      73 |  17.2 |      16 |      20 |  55.6
      Sewer |       0 |      17 | 100.0 |       0 |       5 | 100.0
            +---------+---------+-------+---------+---------+-------
